AoeStats
← Yzzark

African Clearing

506153795Analyzed
4v4 RM · 21d ago on Sep 12, 2026· 40m 17s· 8 players
Game mode
Random Map
Map size
Large (8 player)
Population
200
Speed
Normal
Resources
Standard
Victory
Conquest
Starting age
Dark Age
Ending age
Imperial Age
RankedLock teamsTeams togetherTeam positionsShared explorationLock speedFull tech treeHidden civsTurbo modeCheats
Victory
Defeat
🇧🇪 Mongols · Belgium
1186
+12
🇨🇱 Huns · Chile
1119
+15
🇹🇼 Poles · Taiwan
1070
+17
🇧🇪 Khmer · Belgium
1048
+18
🇳🇱 Vietnamese · Netherlands
1114
-16
🇫🇮 Persians · Finland
1111
-16
🇹🇷 Berbers · Türkiye
1096
-16
🇫🇷 Huns · France
1063
-14
BananaRepublic
3:53 Loom
16:03 Feudal Age
20:24 Castle Age
29:32 Fletching
31:14 Bodkin Arrow
31:23 Padded Archer Armor
33:17 Leather Archer Armor
37:12 Bloodlines
38:53 Husbandry
HardstyleHunter
11:20 Loom
15:00 Feudal Age
OPACK
5:04 Loom
13:04 Feudal Age
13:57 Double-Bit Axe
16:11 Wheelbarrow
17:28 Horse Collar
17:41 Gold Mining
22:08 Castle Age
20:24 Forging
23:06 Bow Saw
23:53 Gold Shaft Mining
24:57 Husbandry
26:01 Scale Barding Armor
27:35 Heavy Plow
28:13 Bloodlines
28:41 Iron Casting
28:10 Stone Mining
29:56 Chain Barding Armor
29:41 Town Watch
30:12 Hand Cart
30:34 Fletching
30:45 Padded Archer Armor
31:03 Elite Skirmisher
32:01 Bodkin Arrow
32:22 Leather Archer Armor
35:39 Town Patrol
40:30 Imperial Age
39:09 Ballistics
38:59 Marauders
WihtoriKosola
4:09 Loom
16:24 Feudal Age
16:58 Double-Bit Axe
17:03 Horse Collar
22:36 Castle Age
22:03 Wheelbarrow
23:51 Scale Barding Armor
23:57 Forging
23:57 Stone Mining
25:04 Bow Saw
27:28 Husbandry
30:19 Iron Casting
29:54 Heavy Plow
32:01 Fletching
32:32 Chain Barding Armor
32:26 Bloodlines
32:59 Hand Cart
33:12 Bodkin Arrow
37:31 Imperial Age
37:19 Gold Mining
40:06 Plate Barding Armor
Yzzark
3:27 Loom
13:45 Feudal Age
15:29 Fletching
20:27 Double-Bit Axe
25:27 Castle Age
25:08 Stone Mining
25:32 Gold Mining
25:36 Pikeman
28:02 Bodkin Arrow
27:35 Crossbowman
29:22 Padded Archer Armor
36:53 Ballistics
37:48 Wheelbarrow
39:30 Hand Cart
40:17 Town Watch
liliop
7:45 Loom
15:20 Feudal Age
16:14 Double-Bit Axe
16:12 Horse Collar
19:21 Gold Mining
20:44 Bloodlines
20:42 Scale Barding Armor
20:48 Forging
21:59 Stone Mining
28:26 Castle Age
29:16 Husbandry
28:37 Light Cavalry
29:40 Chain Barding Armor
29:56 Iron Casting
30:11 Fletching
30:25 Heavy Plow
35:10 Town Watch
36:56 Wheelbarrow
37:36 Bodkin Arrow
39:32 Hand Cart
LoveCreamPie
12:37 Feudal Age
13:13 Double-Bit Axe
15:06 Horse Collar
17:08 Forging
22:05 Castle Age
22:13 Stone Mining
22:16 Gold Mining
22:45 Padded Archer Armor
22:36 Fletching
22:58 Bow Saw
23:03 Heavy Plow
22:26 Light Cavalry
23:17 Bloodlines
25:08 Wheelbarrow
34:04 Imperial Age
32:03 Scale Barding Armor
32:34 Iron Casting
33:44 Treadmill Crane
34:25 Chain Barding Armor
34:07 Husbandry
36:13 Blast Furnace
34:35 Winged Hussar
35:37 Conscription
35:55 Crop Rotation
35:14 Capped Ram
35:44 Town Watch
35:44 Loom
36:59 Hand Cart
36:45 Town Patrol
37:53 Leather Archer Armor
38:21 Lechitic Legacy
38:07 Scale Mail Armor
39:59 Szlachta Privileges
39:16 Cavalier
40:30 Chain Mail Armor
40:11 Bodkin Arrow
39:39 Siege Ram
41:06 Stone Shaft Mining
41:34 Chemistry
40:55 Ballistics
40:40 Siege Engineers
40:46 Masonry
Lautaro_aoe
12:08 Feudal Age
16:30 Castle Age
14:26 Double-Bit Axe
15:36 Horse Collar
17:49 Bow Saw
19:13 Heavy Plow
20:19 Loom
22:11 Wheelbarrow
24:12 Hand Cart
24:31 Stone Mining
24:35 Gold Mining
27:19 Gold Shaft Mining
30:57 Imperial Age
28:43 Scale Barding Armor
28:51 Bloodlines
29:17 Forging
29:09 Husbandry
30:02 Chain Barding Armor
31:29 Masonry
31:39 Ballistics
32:02 Iron Casting
32:48 Two-Man Saw
32:38 Plate Barding Armor
32:46 Conscription
32:48 Atheism
32:31 Marauders
32:48 Elite Tarkan
35:55 Blast Furnace
37:05 Coinage
Connection lost

Rejoining the realm…

Still unreachable

The connection could not be restored.

Session expired

The server has moved on; the page needs a fresh start.